 Dungeon Crawl Stone Soup version 0.27.1-34-g3ba077fa99 (webtiles) character file.

Game seed: 5298364159355305118

3 hawla the Sneak (level 1, -1/19 HPs)
             Began as a Draconian Delver on Jan 15, 2022.
             Slain by an adder (2 damage)
             ... on level 2 of the Dungeon.
             The game lasted 00:03:35 (514 turns).

hawla the Sneak (Draconian Delver)                   Turns: 514, Time: 00:03:36

Health: -1/19      AC:  4    Str: 14    XL:     1   Next: 41%
Magic:  1/1        EV: 12    Int: 10    God:
Gold:   0          SH:  0    Dex: 12    Spells: 0/0 levels left

rFire    . . .     SeeInvis .   a - +0 falchion
rCold    . . .     Faith    .   (no shield)
rNeg     . . .     Spirit   .   (armour unavailable)
rPois    .         Reflect  .   (helmet restricted)
rElec    .         Harm     .   (no cloak)
rCorr    .         Rampage  .   (no gloves)
Will     .....                  (no boots)
Stlth    +++.......             (no amulet)
HPRegen  0.06/turn              (no ring)
MPRegen  0.07/turn              (no ring)

@: lethally poisoned (-1 -> -3), attractive
A: AC +4, unfitting armour, cold-blooded
a: no special abilities


You were on level 2 of the Dungeon.
You visited 1 branch of the dungeon, and saw 4 of its levels.

Inventory:

Hand Weapons
 a - a +0 falchion (weapon)
Wands
 f - a wand of digging (3)
Scrolls
 b - a scroll of fog


   Skills:
 + Level 3.3 Fighting
 + Level 2.0 Long Blades
 + Level 1.8 Dodging
 + Level 4.5 Stealth
 + Level 0.1 Spellcasting
 + Level 0.1 Evocations


You couldn't memorise any spells.
You didn't know any spells.
Your spell library contained the following spells:

 Spells                   Type           Power      Damage    Failure   Level
 Magic Dart               Conj           0%         1d3       36%         1
 Searing Ray              Conj           0%         3d3       50%         2
 Slow                     Hex            0%         N/A       50%         2
 Confusing Touch          Hex            0%         N/A       75%         3
 Summon Guardian Golem    Hex/Summ       0%         N/A       75%         3
 Vampiric Draining        Necr           0%         2d6       75%         3
 Fulminant Prism          Conj/Hex       0%         3d6       98%         4
 Orb of Destruction       Conj           0%         N/A       100%        7
 Spellforged Servitor     Conj/Summ      0%         N/A       100%        7


Dungeon Overview and Level Annotations

Branches:
Dungeon (5/15)
 Temple: D:4-7

Altars:


Innate Abilities, Weirdness & Mutations

Your plain brown scales are hard. (AC +4)
You cannot fit into any form of body armour.
You are cold-blooded and may be slowed by cold attacks.


Message History

You are poisoned.
The adder poisons you!
You closely miss the adder.
The adder is severely wounded.
You feel sick. The adder closely misses you.
You riposte.
You hit the adder.
The adder is almost dead.
The adder bites you.
You are lethally poisoned!
The adder poisons you!
It was a potion of attraction.
You feel attractive to monsters.
You feel very sick. The adder misses you.
You closely miss the adder.
The adder is almost dead.
You feel sick. The adder bites you but does no damage.
Unknown command.
You hit the adder but do no damage.
The adder is almost dead.
You feel sick. The adder barely misses you. The adder completely misses you.
You riposte.
You closely miss the adder.
The adder is almost dead.
Unknown command.
You barely miss the adder.
The adder is almost dead.
* * * LOW HITPOINT WARNING * * *
You feel sick. The adder bites you but does no damage.
Unknown command.
You closely miss the adder.
The adder is severely wounded.
* * * LOW HITPOINT WARNING * * *
You feel sick. The adder bites you.
* * * LOW HITPOINT WARNING * * *
The adder bites you but does no damage.
Unknown command.
You barely miss the adder.
The adder is severely wounded.
* * * LOW HITPOINT WARNING * * *
You feel sick. The adder bites you.
You die...

.. ..# #.#..
..... ##.#.##
#..... #..#.##
#.S...# ..
.#####@..##....
#...............
#######..####...
###†.####
#...>...#
#.#####.# #. # #


You could see an adder.

Vanquished Creatures
  A giant cockroach (D:3)
  A quokka (D:3)
  A ball python (D:2)
3 creatures vanquished.

Notes
Turn   | Place    | Note
-------+----------+-------------------------------------------
     0 | D:5      | hawla the Draconian Delver began the quest for the Orb.
     0 | D:5      | Reached XP level 1. HP: 19/19 MP: 1/1
   114 | D:5      | Noticed an iguana
   127 | D:5      | Noticed a jelly
   130 | D:5      | Noticed an orc priest
   132 | D:5      | Noticed an orc priest
   514 | D:2      | Slain by an adder

Illustrated notes

Levels and vault maps discovered:
D:2:      layout_basic, uniq_terence
D:3:      layout_rooms, gup_sewer_entry_glass, minmay_misc_feat_rugged
D:4:      layout_basic, nicolae_wu_jian_wuxing_cycle,
          ebering_ghost_disaster_area
D:5:      minmay_chambers_of_threes, layout_loops_cross, minmay_misc_feat_plants

Action                   || total
-------------------------++-------
Melee: Falchion          ||    14
  Use: Scroll            ||     3
       Potion            ||     2
 Stab: Sleeping          ||     1
Armor: Skin              ||     6
Dodge: Dodged            ||    10
       Rpst.: Falchion   ||     2
